 Dungeon Crawl Stone Soup version 0.30-a0-354-g6b83867211 (webtiles) character file.

Game seed: 4887381030424599315

11 KennySheep the Slasher (level 2, -1/19 HPs)
             Began as a Tengu Berserker on Nov 8, 2022.
             Was a Follower of Trog.
             Slain by a quokka (4 damage)
             ... on level 1 of the Dungeon.
             The game lasted 00:01:03 (417 turns).

KennySheep the Slasher (Tengu Berserker)             Turns: 417, Time: 00:01:03

Health: -1/19      AC:  2    Str: 17    XL:     2   Next: 29%
Magic:  3/3        EV: 12    Int:  7    God:    Trog [*.....]
Gold:   38         SH:  0    Dex: 13    Spells: 1/1 levels left

rFire   . . .      SeeInvis .    a - +0 falchion
rCold   . . .      Faith    .    (no shield)
rNeg    . . .      Spirit   .    b - +0 animal skin
rPois   .          Reflect  .    (helmet restricted)
rElec   .          Harm     .    (no cloak)
rCorr   .          Rampage  .    (no gloves)
Will    .....                    (boots unavailable)
Stlth   +.........               (no amulet)
HPRegen 0.23/turn                (no ring)
MPRegen 0.08/turn                (no ring)

@: no status effects
A: beak, talons 3
a: Renounce Religion, Berserk


You were on level 1 of the Dungeon.
You worshipped Trog.
Trog was aware of your devotion.
You visited 1 branch of the dungeon, and saw 1 of its levels.

You collected 38 gold pieces.

Inventory:

Hand Weapons
 a - a +0 falchion (weapon)
Armour
 b - a +0 animal skin (worn)
Jewellery
 h - a ring of magical power
Scrolls
 c - a scroll of fear {unknown}
 d - a scroll of teleportation {unknown}
 f - 2 scrolls of amnesia {unknown}
 g - a scroll of blinking {unknown}
 i - a scroll of identify {unknown}
Potions
 e - a potion of curing {unknown}


   Skills:
 + Level 3.1 Fighting
 + Level 3.4 Long Blades
 * Level 0.9 Ranged Weapons
 + Level 2.3 Armour
 + Level 2.3 Dodging


You had one spell level left.
You didn't know any spells.
Your spell library was empty.

Dungeon Overview and Level Annotations

Branches:
Dungeon (1/15)

Altars:

Shops:
D:1 !


Innate Abilities, Weirdness & Mutations

You have a beak for a mouth.
You have claws for feet.


Message History

The giant cockroach barely misses you.
The giant cockroach bites you but does no damage.
You hit the giant cockroach. Your kick misses the giant cockroach.
Your peck misses the giant cockroach.
The giant cockroach is almost dead.
The giant cockroach closely misses you.
You hit the giant cockroach.
You kill the giant cockroach!
Trog accepts your kill.
No target in view!
h - a ring of magical power You now have 28 gold pieces (gained 2).
f - 2 scrolls labelled UGARHU ONORGHIO (gained 1)
i - a scroll labelled LIXKEHUGHI
Found a stone staircase leading down.
You now have 38 gold pieces (gained 10).
A hobgoblin comes into view.
The hobgoblin shouts!
A hobgoblin is nearby!
A quokka comes into view.
The hobgoblin misses you.
You closely miss the hobgoblin. Your peck misses the hobgoblin.
The hobgoblin misses you. The quokka bites you.
You barely miss the hobgoblin. The quokka bites you. The hobgoblin hits you.
The quokka bites you. The hobgoblin hits you.
You closely miss the hobgoblin. Your kick misses the hobgoblin.
You peck the hobgoblin.
The hobgoblin is almost dead.
The quokka bites you.
* * * LOW HITPOINT WARNING * * *
The hobgoblin barely misses you.
You closely miss the hobgoblin. Your kick misses the hobgoblin.
The hobgoblin is almost dead.
The quokka closely misses you. The hobgoblin hits you.
* * * LOW HITPOINT WARNING * * *
You hit the hobgoblin.
You kill the hobgoblin!
Trog accepts your kill. The quokka misses you. The quokka bites you.
You die...

##..#.##....#
# #.......#.)#
#
..####....###
#. ###
##.#.... . ..
#.#####
.####.### #.#
........ #.#
#.##†r# #.
#.##@.# #.
#>##..#
#####.##..#
#.........#
#............#
#....#######.#
#.###....# #
#........#
#####....#


You could see a quokka.

Vanquished Creatures
  A giant cockroach (D:1)
  A goblin (D:1)
  4 hobgoblins (D:1)
  2 ball pythons (D:1)
  A frilled lizard (D:1)
  A kobold (D:1)
  2 rats (D:1)
12 creatures vanquished.

Notes
Turn   | Place    | Note
-------+----------+-------------------------------------------
     0 | D:1      | KennySheep the Tengu Berserker began the quest for the Orb.
     0 | D:1      | Reached XP level 1. HP: 14/14 MP: 2/2
    33 | D:1      | Found Xoujuv's Distillery.
   113 | D:1      | Reached XP level 2. HP: 12/19 MP: 3/3
   417 | D:1      | Slain by a quokka

Illustrated notes

Levels and vault maps discovered:
D:1:      dpeg_arrival_fog, layout_loops_ring, serial_shops, nicolae_shop_stone,
          nicolae_shop_stone, nicolae_shop_overgrown_old_shop, shop

Action                   || total
-------------------------++-------
Melee: Falchion          ||    32
       Kick              ||     7
       Peck              ||     4
 Stab: Sleeping          ||     1
Armor: Animal skin       ||     4
Dodge: Dodged            ||    21

Table legend: (Time is in decaauts)
 A = Elapsed time spent in this place.
 B = Non-inter-level travel time spent in this place.
 C = Inter-level travel time spent in this place.
 D = Time resting spent in this place.
 E = Time spent auto-exploring this place.
 F = Levels seen in this place.
 G = Mean time per level.
                   A        B        C        D        E       F      G
               +--------+--------+--------+--------+--------+-----+--------+
         Total |    421 |    421 |      0 |      0 |    330 |   1 |  421.0 |
       Dungeon |    421 |    421 |      0 |      0 |    330 |   1 |  421.0 |
               +--------+--------+--------+--------+--------+-----+--------+

Top non-repeatable levels by time:
     D:1: 421 daAuts
